 Dungeon Crawl Stone Soup version 0.27-a0-686-gaed091b46b (webtiles) character file.

Game seed: 8654123987027615900

12 jasper the Sneak (level 2, -2/24 HPs)
             Began as a Demonspawn Delver on Mar 21, 2021.
             Slain by an adder (3 damage)
             ... on level 3 of the Dungeon.
             The game lasted 00:00:45 (304 turns).

jasper the Sneak (Demonspawn Delver)                 Turns: 304, Time: 00:00:46

Health: -2/24      AC:  3    Str: 12    XL:     2   Next: 20%
Magic:  2/2        EV: 12    Int: 11    God:
Gold:   18         SH:  0    Dex: 14    Spells: 1/1 levels left

rFire    . . .     SeeInvis .   a - +0 hand axe (flame)
rCold    . . .     Faith    .   (no shield)
rNeg     . . .     Spirit   .   b - +0 leather armour
rPois    .         Reflect  .   (no helmet)
rElec    .         Harm     .   (no cloak)
rCorr    .         Rampage  .   (no gloves)
Will     .....                  (no boots)
Stlth    ++........             (no amulet)
HPRegen  0.08/turn              (no ring)
MPRegen  0.08/turn              (no ring)

@: no status effects
A: powered by death 1
a: no special abilities


You were on level 3 of the Dungeon.
You visited 1 branch of the dungeon, and saw 3 of its levels.

You collected 18 gold pieces.

Inventory:

Hand Weapons
 a - a +0 hand axe of flaming (weapon)
Armour
 b - a +0 leather armour (worn)
Wands
 g - a wand of digging (3)
Scrolls
 c - a scroll of fog
 d - a scroll of magic mapping


   Skills:
 + Level 3.1 Fighting
 * Level 2.1 Axes
 + Level 0.4 Armour
 + Level 2.0 Dodging
 - Level 4.5 Stealth


You had one spell level left.
You didn't know any spells.
Your spell library was empty.

Dungeon Overview and Level Annotations

Branches:
Dungeon (5/15)
 Temple: D:4-7

Altars:


Innate Abilities, Weirdness & Mutations

You regenerate a little health from kills.


Message History

Okay, then.
Okay, then.
The hound barely misses you. The hound barely misses you.
There is a stone staircase leading up here.
The hound bites you. The adder bites you. The hound completely misses you.
The adder barely misses you.
You climb upwards.
There is a stone staircase leading down here.
You take 2 damage, and have 22/24 hp.
You hit the adder but do no damage. You hit the hound but do no damage.
The hound barely misses you. The adder misses you. The hound bites you.
You take 3 damage, and have 19/24 hp.
You miss the adder. You closely miss the hound. The adder misses you.
The hound bites you. The adder misses you.
The hound bites you but does no damage.
You take 4 damage, and have 15/24 hp.
You barely miss the adder. You barely miss the hound. The adder bites you.
The hound bites you.
You take 4 damage, and have 11/24 hp.
You miss the adder. You hit the hound but do no damage.
The hound bites you but does no damage. The adder barely misses you.
The hound bites you. The adder bites you.
You take 2 damage, and have 9/24 hp.
You completely miss the adder. You hit the hound. You burn the hound.
The hound barely misses you. The adder bites you.
* * * LOW HITPOINT WARNING * * *
The hound closely misses you.
You take 4 damage, and have 5/24 hp.
You hit the adder. You burn the adder.
The adder is lightly wounded.
You barely miss the hound. The adder barely misses you. The hound misses you.
The adder bites you but does no damage. The hound barely misses you.
You closely miss the adder.
The adder is lightly wounded.
You hit the hound. You burn the hound. The adder closely misses you.
The hound bites you.
* * * LOW HITPOINT WARNING * * *
The adder bites you.
You die...

#####
#@h.#
#S#..#
#.# .#
#.# ^#
#.# #
#.#
#..
#.#


You could see a hound and an adder.

Vanquished Creatures
  An adder (D:4)
  A leopard gecko (D:4)
  A giant cockroach (D:4)
3 creatures vanquished.

Notes
Turn   | Place    | Note
-------+----------+-------------------------------------------
     0 | D:5      | jasper the Demonspawn Delver began the quest for the Orb.
     0 | D:5      | Reached XP level 1. HP: 18/18 MP: 1/1
   102 | D:4      | Gained mutation: You regenerate a little health from kills.
                  | [demonic ancestry]
   102 | D:4      | Reached XP level 2. HP: 16/24 MP: 2/2
   304 | D:3      | HP: 1/24 [hound (4)]
   304 | D:3      | Slain by an adder

Illustrated notes

Levels and vault maps discovered:
D:3:      layout_basic, lemuel_doored_altar, nicolae_sif_muna_condensation,
          chequers_ecumenical_altar_simple
D:4:      layout_loops_ring, minmay_temple_entry_statues_fountains,
          ebering_ghost_disaster_area
D:5:      layout_loops_ring, grunt_gozag_statues

Skill      XL: |  1 |
---------------+----+-----
Axes           | 2 |  2.1
Dodging        | 2 |  2.0
Fighting       | |  3.1
Armour         | |  0.4
Stealth        | |  4.5

Action                   || total
-------------------------++-------
Melee: Hand axe          ||    14
  Use: Scroll            ||     2
       Potion            ||     1
Armor: Leather armour    ||     5
Dodge: Dodged            ||    16

Table legend: (Time is in decaauts)
 A = Elapsed time spent in this place.
 B = Non-inter-level travel time spent in this place.
 C = Inter-level travel time spent in this place.
 D = Time resting spent in this place.
 E = Time spent auto-exploring this place.
 F = Levels seen in this place.
 G = Mean time per level.
                   A        B        C        D        E       F      G
               +--------+--------+--------+--------+--------+-----+--------+
         Total |    292 |    292 |      0 |     30 |    177 |   3 |   97.3 |
       Dungeon |    292 |    292 |      0 |     30 |    177 |   3 |   97.3 |
               +--------+--------+--------+--------+--------+-----+--------+

Top non-repeatable levels by time:
     D:4: 255 daAuts
     D:5: 29 daAuts
     D:3: 8 daAuts
